Workbook

Sheet Portada
H1: Columna1
A2: FONDO ESPECIAL DE VIVIENDA DEL DISTRITO DE SANTIAGO DE CALI | H2: HABILITADO
A3: NIT. 850.013.033-1 | H3: NO HABILITADO
A4: INFORME DE EVALUACIÓN PRELIMINAR | H4: OFERTA RECHAZADA
A5: LICITACIÓN PUBLICA | H5: NO APLICA
A6: No. FEV-LP-001-2023
A7: OBJETO: | H7: SMLMV 2023
A8: Adelantar bajo el sistema de precios unitarios fijos sin fórmula de ajuste la construcción de obras civiles para mejoramiento de viviendas consistentes en la adecuación y/o mejoramiento de baños, cocinas, cubiertas, pisos y otros espacios que constituyan obras de mejoramiento para habitabilidad a los beneficiarios de los subsidios de mejoramiento de vivienda de acuerdo a la Resolución no 4244.09.10.078 del 07 de julio de 2023, ubicados en el distrito especial, deportivo, cultural, turístico, empresarial y de servicios de Santiago de Cali | H8: 1160000
A13: 45190
A14: CONSIDERACIONES GENERALES:
A15: Designación Comité de Evaluación:
A16: En oficio del | B16: 45175 | C16: se designó al equipo asesor evaluador del presente proceso
A17: =PROPER(A5) -> Licitación Publica | E17: notificación realizada a los profesionales:
A18: Emma Viviana Albarracin Arcila | E18: Rol jurídico
A19: Jorge Wilmer Villareal | E19: Rol técnico
A20: Edwin Alexander Velandia Guerrero | E20: Rol financiero
A21: Fecha de cierre:
A22: El día | B22: 45174 | C22: a las | D22: 0.70833333 | E22: conforme al cronograma señalado en la
A23: plataforma transaccional de Contratación Pública SECOP II, se efectuó el cierre del proceso:
A24: =A17 -> Licitación Publica | E24: =A6 -> No. FEV-LP-001-2023
A25: donde se constató el recibo de | C25: UNA | D25: 1 | E25: propuesta(s).
A27: El presupuesto oficial asignado por | C27: =A2 -> FONDO ESPECIAL DE VIVIENDA DEL DISTRITO DE SANTIAGO DE CALI
A28: para el presente proceso, es la suma de:
A29: DOS MIL CUATROCIENTOS VEINTICUATRO MILLONES CUATROCIENTOS MIL PESOS M/CTE | F29: 2424400000
A30: GRUPO A: OCHOCIENTOS NOVENTA Y DOS MILLONES SEISCIENTOS VEINTE MIL PESOS M/CTE GRUPO B: MIL QUINIENTOS TREINTA Y UN MILLONES SETECIENTOS OCHENTA MIL PESOS M/CTE | F30: $ 892.620.000 $ 1.531.780.000
A31: incluido A.I.U. (Administración, Imprevistos y Utilidad) y demás costos directos e indirectos que conlleven a la celebración y ejecución del contrato.
A32: CONTRATO
A33: Conforme a lo previsto el numeral 2º del artículo 5 de la 1150 de 2007., se procede con lo criterios de evaluación y Asignación de puntaje.

Sheet AC&CG
A1: ÚNICO PROPONENTE GRUPO B
A2: INFORMACIÓN GENERAL
A3: Proponente: | B3: ASESORIA, CONSULTORIA Y GESTIÓN DE COLOMBIA S.A.S | E3: NIT | F3: 900291868-8
A4: Representante Legal: | B4: RUTH MARIA ALBAN SILVA | E4: C.C. | F4: 34.53.378 de Popayan
A5: Dirección: | B5: Av 7 Norte No 24-23 Cali
A6: Teléfono: | B6: 6023835260 | E6: 3174208756
A7: Correo electrónico: | B7: acg.colombia.sas@gmail.com
A8: Fecha - Hora: | B8: 45174 | F8: 0.69444444
A9: OFERTA ECONÓMICA
A10: PRESUPUESTO OFICIAL | D10: 1531780000
A11: GARANTÍA DE SERIEDAD DE LA OFERTA
A12: Aseguradora | B12: SEGUROS MUNDIAL
A13: Valor Asegurado | B13: 153178000
A14: Póliza No. | B14: C-1000622414 | C14: Expedición: 31/08/2023 | F14: Anexo | G14: 0
A15: Vigencia | B15: 45174 | F15: 45275
A16: VALIDACION
A18: CAPACIDAD JURÍDICA
A19: ITEM | B19: VERIFICACION DE REQUISITOS | C19: CUMPLE | D19: NO CUMPLE | E19: NO APLICA | F19: OBSERVACIONES
A20: 1 | B20: Carta de presentación de la Propuesta | C20: x | F20: Adjunta formato No. 1 debidamente diligenciado y suscrito por la representante legal del proponente, Arquitecta con MATRICULA PROFESIONAL 19202-1063 del 8/06/1983, vigente, sin atecedentes disciplinarios etico-profesionales; de conformidad con lo establecido en el certificado de vigencia y antecedentes disciplinarios CVAD-2023-2240696 del COPNIA, de fecha 31/08/2023
A21: =A20+1 -> 2 | B21: Certificado de existencia y Representación Legal | C21: x | F21: El proponente adjunta certificado de existencia y reresentación legal expedido por la Cámara de Comercio de Cali en fecha 04/09/2023, constituidad mediante documento Privado del 28 de Mayo de 2009 de Junta de Socios, inscrito el 02 de Junio de 2009 con el No. 01301892 del libro IX, se constituyó ASESORIA CONSULTORIA & GESTION COLOMBIA LTDA. Sigla: AC&G LTDA, con termino de duracion indifenido y donde se puede identificar un objeto social dedicado entre otros, a: 2) Realizar la construcción de obras civiles de toda clase con entidades estatales y particulares, adecuación y mantenimiento de edificaciones, parques,canales, puentes. Realizar interventoría a toda clase de obras de ingeniería civil. Realizar contratos de obra civil y obra pública, la prestación de servicios, asesorías, consultorías y ejecución de contratos en el campo de la arquitectura, el ejercicio técnico comercial en todos los actos plenos de la ingeniería civil, construcciones, planeamiento, interventorías, financiamiento, diseño, fabricación, suministro, montaje y mantenimiento de todo tipo. Desarrollo y ejecución de investigaciones, ejecución de obras, proyectos, diseños, estudios, interventoras y peritazgos que se relacionen con la rama de la ingeniería en general, con especialidad en el área de vías, ingeniería sanitaria y ambiental remodelación y construcción de edificios públicos, mantenimiento de edificaciones, planeación urbanística ejecución de diseños y proyectos de arquitectura, el cálculo de diseño de viviendas, locales, edificios y construcciones varias.
A22: 3 | B22: Fotocopia de la cédula de ciudadanía del representante legal | C22: x | F22: Anexa copia legible de la Cedula de Ciudadania de la Representante Legal, señora RUTH MARIA ALBAN SILVA
A23: 4 | B23: Librera Militar del Representante Legal | E23: x | F23: N/A
A24: 5 | B24: Autorizaciones del representante legal por la junta directiva o junta de socios para contratar | C24: x | F24: De conformidad con el Certificado de Existencia y representacion legal del proponente, se evidencia que el representante legal se encuentra facultado para: El representante legal y por el representante legal suplente, quienes no tendrán restricciones de contratación por razón de la naturaleza ni de la cuantía de los actos que celebre. Por lo tanto, se entenderá que el representante legal y el representante legal suplente podrán celebrar o ejecutar todos los actos y contratos comprendidos enel objeto social o que se relacionen directamente con la existencia y el funcionamiento de la sociedad.
A25: 6 | B25: Documento de conformación de consorcios o uniones temporales | E25: x | F25: N/A
A26: 7 | B26: Boletín de antecedentes fiscales expedido por la Contraloría General de la República | C26: x | F26: Representante Legal: verificados los antecedentes fiscales del representante legal el dia 7 de septiembre de 2023. se tiene que la misma no se encuentra reportado como responsable fiscal, según certificado N° 34531378230907112129. Persona Juridica: verificados los antecedentes fiscales del representante legal el dia 7 de septiembre de 2023. se tiene que la misma no se encuentra reportado como responsable fiscal, según certificado N° 9002918688230907112248.
A27: 8 | B27: Certificado de antecedentes disciplinarios expedido por la Procuraduría General de la Nación | C27: x | F27: Representante legal: verificados los antecedentes disciplinarios del representante legal el dia 7 de septiembre de 2023. se tiene que la misma no registra sanciones ni inhabilidades vigentes, según certificado ordinario N° 230869507. Persona Juridica: verificados los antecedentes disciplinarios del representante legal el dia 7 de septiembre de 2023. se tiene que la misma no registra sanciones ni inhabilidades vigentes, según certificado ordinario N° 230870684.
A28: 9 | B28: Certificado de antecedentes judiciales de la Policía Nacional | C28: x | F28: Se consulta certificación expedida por parte de la Policia Nacional el dia 7/09/2023, a través de la cual se puede evidenciar que la señora RUTH MARIA ALBAN SILVA, no tiene asuntos pendientes con las autoridades judiciales.
A29: =A28+1 -> 10 | B29: Certificado de medidas correctivas de la Policía Nacional | C29: x | F29: De conformidad con la consulta realizada en el Sistema Registro Nacional de Medidas Correctivas, el dia 7 de septiembre de 2023, la representante legal de AC&G no tiene medidas correctivas pendientes por cumplir, según consta en el certificado N° 72362926
A30: =A29+1 -> 11 | B30: Certificado de antecedentes por delitos sexuales cometidos contra menores de 18 años | C30: x | F30: A travez de CONSULTA EN LÍNEA DE INHABILIDADES DE QUIENES HAYAN SIDO CONDENADOS PORDELITOS SEXUALES COMETIDOS CONTRA MENORES DE 18 AÑOS el dia 7/09/2023, a través de la cual se puede evidenciar que la señora RUTH MARIA ALBAN SILVA, no tiene registra inhabilidades
A31: =A30+1 -> 12 | B31: Registro de Deudores Alimentarios Morosos - REDAM | C31: X | F31: La representante legal NO SE ENCUENTRA INSCRITA EN EL REGISTRO DE DEUDORES ALIMENTARIOS MOROSOS, según certificado del 22/ago/2023.
A32: =A31+1 -> 13 | B32: Certificado de pago de seguridad social y parafiscales | C32: x | F32: El proponente presenta Anexo No. 7 debidamente diligenciado y suscrito por el revisor fiscal DIEGO CESAR BALANTA RIASCOS, en el que certifica el pago durante los ultimos 6 meses de conformidad con la ley 789 de 2002..
A33: =A32+1 -> 14 | B33: Registro Único Tributario | C33: x | F33: Allego el documento de referencia, actualizado al año 2023. La actividad economica 4290 corresponde a la del objeto a contratar.
A34: =A33+1 -> 15 | B34: Registro Único de Proponentes | C34: x | F34: El proponente presenta Registro Unico de Proponentes expedido por la cámara de comercio de Cali, de fecha 25 de agosto de 2023, con fecha de ultima renovacion, 14 de abril de 2023.
A35: =A34+1 -> 16 | B35: Compromiso Anticorrupcion | C35: x | F35: Allego formato No. 7 debidamente diligenciado y suscrito por la representante legal.
A36: 17 | B36: Autorizacion para el tratamiento de datos | C36: x | F36: El proponente aporta el formato No. 12, "AUTORIZACION PARA EL TRATAMIENTO DE DATOS PERSONALES", debidamente diligenciado y suscrito por la representante legal, de fecha 31/09/2023.
A37: 18 | B37: Pacto de Transparencia | C37: x | F37: Allego formato No. 9 debidamente diligenciado y suscrito por la representante legal.
A38: 19 | B38: Garantia de Seriedad de la Oferta | C38: x | F38: Garantía de seriedad de la propuesta debidamente suscrita por la representante legal. Aseguradora: SEGUROS MUNDIAL, poliza No. C-1000622414 la cual cumple con las exigencias establecidas en el pliego. Verificada en la página web de la aseguradora: https://productos.mundialseguros.com.co/
A39: CONCLUSIÓN CAPACIDAD JURÍDICA | F39: HABILITADO
A40: CONDICIONES DE EXPERIENCIA
A41: VERIFICACIÓN DE REQUISITOS | C41: CUMPLE | D41: NO CUMPLE | E41: NO APLICA | F41: OBSERVACIONES
A42: Los proponentes deben acreditar su experiencia a través de: i) la información consignada en el RUP para aquellos que estén obligados a tenerlo, ii) la presentación del Formato 3 – Experiencia para todos los proponentes y (iii) alguno de los documentos válidos para la acreditación de la experiencia señalados en el pliego de condiciones cuando se requiera la verificación de información del proponente adicional a la contenida en el RUP. | F42: Acreditación de criterios diferenciales
F43: MIPYME | G43: De conformidad con el certificado de Representacion Legal es una mediana empresa
F44: Emprendimiento o empresa de mujeres | G44: X
C45: x | F45: 1) Contrato No 4244.0.12.1.066- 2016
F46: Entidad contratante: | G46: FONDO ESPECIAL DE VIVIENDA DEL MUNICIPIO DE SANTIAGO DE CALI
F47: NIT | G47: 805013033-1
F48: Contratista: | G48: Consoricio Vivienda ACG
F49: Plazo: Desde el 18/11/2016 al 26/05/2017
F50: Codigo | G50: 72111000
F51: Valor en pesos (actualizado): | G51: =G52*1160000 -> 1649172000
A52: La evaluación de los proponentes se efectuará de acuerdo con la experiencia contenida en el Registro Único de Proponentes (RUP) vigente y en firme antes del cierre del proceso. Los Proponentes podrán acreditar experiencia proveniente de contratos celebrados con particulares o Entidades Estatales. El proponente solo podrá acreditar la experiencia que ha obtenido y no la experiencia de su matriz, subsidiaria o integrante del mismo grupo empresarial. | F52: Valor en SMLMV __ | G52: 1421.7
F53: Objeto:
F54: Realizar la construcción de obras civiles para mejoramiento de 202 viviendas consistentes en la adecuación de baños, cocinas, cubiertas yespacios a precios unitarios fijos sin ajustes ubicados en los siguientes barrios: Vista hermosa, bajo salomia, petecuy I, II y III, San pedro Claver, Villanueva, Poblado I y II, charco azul, Villablanca, vergel, pueta del sol IV, V, VI, VII, retiro, Mojica I, vallado, Pueblo joven, lleras Camargo, tierra blanca, Siloé. Localizados en las comunas 1,5,6,11,12,13,14,15,20 del municipio de Santiago de Cali.
F55: Ejecución: | G55: En consorcio con participacion del 69,00 ($ 1.137.928.680)
F56: Documento que soporta la experiencia:
F57: Acta de entrega y recibo definitivo. Acta de liquidacion
F58: Observaciones
F59: CUMPLE
C60: X | F60: 2) Contrato 4244.0.12.1.069- 2018
A61: La acreditación de la experiencia se deberá demostrar mediante la presentación de máximo dos (2) contratos y/o cualquier otro documento soporte relacionado en el numeral 3.3.5., cuya sumatoria sea igual o superior al cien por ciento (100%) del presupuesto oficial y cuyo, objeto, alcance y/o actividades sea la ejecución de obras de: MEJORAMIENTOS Y/O ADECUACIONES DE VIVIENDAS EN EL SECTOR PÚBLICO y/o PRIVADO los cuales deben estar ejecutados en calidad de contratista con entidades públicas y/o privadas, y deberán estar inscritos en el RUP. Los contratos deben encontrarse identificados en el siguiente código del Clasificador de Bienes y Servicios: | F61: Entidad contratante: | G61: FONDO ESPECIAL DE VIVIENDA DEL MUNICIPIO DE SANTIAGO DE CALI
F62: NIT | G62: 805013033-1
F63: Contratista: | G63: Consoricio Vivienda 2018
F64: Plazo: 21/09/2018 al 31/12/2018
F65: Codigo | G65: 72111000
F66: Valor en pesos: | G66: =G67*781242 -> 2.6039421e+09
F67: Valor en SMLMV __ | G67: 3333.08
F68: Objeto:
F69: Realizar la construcción de obras civiles para mejoramiento de 397 viviendas consistentes en la adecuación y/o mejoramiento de baños, cocinas, cubiertas, pisos y espacios a precios unitarios fijos sin ajustes ubicados en comunas 1,3,4,5,6,7,8,9,10,11,12,13,14,15,16,20,21
F70: Ejecución: | G70: En consorcio con participacion del 75,00 ($ 1.952.956.564,02)
F71: Documento que soporta la experiencia:
F72: Acta de Inicio Acta de liquidacion
F73: Observaciones
F74: CUMPLE
A75: Clase | B75: Descripción | E75: x | F75: 3) Contrato - NO APLICA
A76: 72111000 | B76: Servicios de Construcción de Unidades Unifamiliares
A78: Los contratos aportados deberán acreditar en su objeto, alcance o actividades, la realización de MEJORAMIENTOS Y/O ADECUACIONES DE VIVIENDAS EN EL SECTOR PÚBLICO y/o PRIVADO en un número igual o superior a: * Para el Grupo B: CIENTO TREINTA Y NUEVE (139) mejoramientos de viviendas en sumatoria.
A79: CRITERIOS DIFERENCIALES MIPYMES: Para MIPYMES: máximo tres (03) contratos cuyo objeto y/o alcance y/o actividades sean obras de: MEJORAMIENTOS Y/O ADECUACIONES DE VIVIENDAS EN EL SECTOR PÚBLICO y/o PRIVADO cuya sumatoria sea igual o superior al cien por ciento (100%) del presupuesto oficial. Proponentes que no correspondan a MIPYMES: máximo dos (02) contratos cuyo objeto y/o alcance y/o actividades sean obras de: MEJORAMIENTOS Y/O ADECUACIONES DE VIVIENDAS EN EL SECTOR PÚBLICO y/o PRIVADO, cuya sumatoria sea igual o superior al cien por ciento (100%) del presupuesto oficial. Para los criterios diferenciales para Mípyme, la experiencia del proponente plural será, de acuerdo con el artículo 2.2.1.2.4.2.18, parágrafo 2 del Decreto 1860 de 2021: “(…) PARÁGRAFO 2. Tratándose de proponentes plurales, los criterios diferenciales y los puntajes adicionales solo se aplicarán si por lo menos uno de los integrantes acredita la calidad de Mípyme y tiene una participación igual o superior al diez por ciento (10%) en el consorcio o la unión temporal”.
A81: CRITERIOS DIFERENCIALES EMPRENDIMIENTOS Y EMPRESAS DE MUJERES: Emprendimientos y empresas de mujeres: máximo tres (03) contratos que estén relacionados con la CONSTRUCCIÓN de obras de: MEJORAMIENTOS Y/O ADECUACIONES DE VIVIENDAS EN EL SECTOR PÚBLICO y/o PRIVADO cuya sumatoria sea igual o superior al cien por ciento (100%) del presupuesto oficial Proponentes que no correspondan a Emprendimientos y empresas de mujeres: máximo dos (02) contratos cuyo objeto y/o alcance y/o actividades sean obras de: MEJORAMIENTOS Y/O ADECUACIONES DE VIVIENDAS EN EL SECTOR PÚBLICO y/o PRIVADO, cuya sumatoria sea igual o superior al cien por ciento (100%) del presupuesto oficial Para los criterios diferenciales para emprendimientos y empresas de mujeres, la experiencia del proponente plural será, de acuerdo con el artículo 2.2.1.2.4.2.15, parágrafo 1 del Decreto 1860 de 2021: “(…) PARÁGRAFO 1. Tratándose de proponentes plurales, los criterios diferenciales y los puntajes adicionales solo se aplicarán si por lo menos uno de los integrantes acredita que es emprendimiento y empresa de mujeres bajo los criterios dispuestos en el artículo precedente y que tiene una participación igual o superior al diez por ciento (10%) en el consorcio o la unión temporal
C86: X | F86: Sumatoria del valor de ejecución
F87: Primer contrato | G87: =69%*G51 -> 1137928680
F88: Segundo contrato | G88: =G66*75% -> 1.9529566e+09
F89: Tercer contrato | G89: N/A
F90: TOTAL EN PESOS ACTUALIZADOS | G90: =SUM(G87:G88) -> 3.0908852e+09
F91: CUMPLE
A92: CONCLUSIÓN EXPERIENCIA | F92: HABILITADO
A93: CAPACIDAD FINANCIERA Y ORGANIZACIONAL
A94: ITEM | B94: VERIFICACION DE REQUISITOS | C94: CUMPLE | D94: NO CUMPLE | E94: NO APLICA | F94: OBSERVACIONES
A95: 0 | B95: Aporte de los documentos financieros | C95: X | F95: Adjunta copia del RUP
A98: INFORME DE INDICADORES FINANCIEROS
A99: CAPACIDAD FINANCIERA
A100: ITEM | B100: VERIFICACION DE REQUISITOS | C100: CUMPLE | D100: NO CUMPLE | E100: NO APLICA | F100: OBSERVACIONES | K100: 2022
A101: 1 | B101: ÍNDICE DE LIQUIDEZ | C101: X | F101: El proponente cumple con el requisito habilitante para el indice de liquidez, el cual para el año 2022 fue de 6,88 ; teniendo en cuenta el indice de referencia en el pliego de condiciones es de 1,24.
H102: ACTIVO CORRIENTE >= | J102: 1,24, | K102: 6684683672 | L102: = | M102: 6.88
H103: PASIVO CORRIENTE | K103: 972266000
A105: 2 | B105: ÍNDICE DE ENDEUDAMIENTO | C105: X | F105: El proponente cumple con el requisito habilitante para el índice de endeudamiento, el cual para el año 2022 fue de 43,62 %; teniendo en cuenta el índice de referencia en el pliego de condiciones es de 57%.
H106: TOTAL PASIVO <= | J106: 0.57 | K106: 3016054382 | L106: = | M106: 0.4362
H107: TOTAL ACTIVOS | K107: 6913646526
A109: 3 | B109: ÍNDICE DE COBERTURA DE INTERESES | C109: X | F109: El proponente cumple con el requisito habilitante para el indice de cobertura de intereses, el cual para el año 2022 fue de 12.097; teniendo en cuenta el índice de referencia en el pliego de condiciones es de 0,01.
H110: UTILIDAD OPERACIONAL >= | J110: 0.01 | K110: 1414827841 | L110: = | M110: 12097.72
H111: GASTO DE INTERES | K111: 116950
...

Sheet Requisitos H & P
A1: CONCLUSIÓN REQUISITOS HABILITANTES
A2: No. | B2: PROPONENTE | D2: OFERTA | E2: HABILITADO | F2: NO HABILITADO | G2: OFERTA RECHAZADA
A3: 1 | B3: ASESORIA, CONSULTORIA Y GESTIÓN DE COLOMBIA S.A.S | D3: 1501110564 | E3: X | F3: X
A5: CONCLUSIÓN REQUISITOS PONDERABLES
A6: El proponte se encuentra habilitado desde el aspecto Juridico, tecnico - experiencia y financiero, por lo anterior se procede a realizar la evaluación de los criterios de ponderación. METODO PONDERACION ECONOMICA: El equipo evaluador en su rol financiero procedió con la verificación de los valores registrados para cada item unitario, confirmando que la suma de cada item y los costos correspondientes a administración, impuestos y utilidad son los diligenciados como valor total de la oferta económica. asi las cosas, dado que en el proceso selección licitación pública no. fev-lp-001-2023, solamente se presentó un proponente, no se hace necesario realizar la evaluación de la mejor oferta económica, porque al no existir otras ofertas por parte otros proponentes, resulta improcedente la aplicación de la formula, relativa a la mediana Geometrica, ya que, para proceder con el cálculo matemático, se deben tener valores a comparar. por ende, se concluye que le debe asignar el máximo puntaje al único proponente que existe dentro del proceso.
A13: No. | B13: PROPONENTE | D13: CRITERIO DE CALIFICACIÓN
D14: Económica | E14: Factor calidad Cuadrilla Adicional | F14: Apoyo a la industria nacional | G14: Vinvulacion de personas con Discapacidad | H14: Criterios diferenciales emprendimientos o empresas de mujeres | I14: Criterios diferenciales Mipyme | J14: Total puntaje (estimado)
A15: 1 | B15: ASESORIA, CONSULTORIA Y GESTIÓN DE COLOMBIA S.A.S | D15: El proponente adjunto debidamente diligenciado el Anexo No 3 oferta economica | E15: El proponente aportó el formato No 11 debidamente suscrito por la Represenante Legal donde manifestó comprometerse a vincular al proyecto dos (2) cuadrillas de trabajo adicional por cada frente (4 frentes) conformadas por 5 obreros a su costo y riesgo. | F15: El proponente aportó formato No 8A suscrito por la Represente Legal, el certificado de existencia y representación legal y la cédula del representante legal, para aplicar a puntaje por servicio Nacional | G15: El proponento aportó formato No 10 debidamente suscrito por el Revisor Fiscal y constancia de vinculación de un (1) trabajor en situacion de discapacidad expedida por el Miniterio del Trabajo, para aplicar a puntaje por vinculacióm con personas con discapacidad. | H15: El proponento aportó formato No 13 Ay certificado de composicion accionaria de mujer por mas del 50% del 31/08/2023, debidamente suscrito por la Represente Legal y el Revisor Fiscal, para aplicar a puntaje por emprendimientos o empresas de mujeres. | I15: Según su Registro Unico de Proponentes su tamaño es MEDIANA EMPRESA | J15: -
D16: 59.5 | E16: 29 | F16: 10 | G16: 1 | H16: 0.25 | I16: 0.25 | J16: =SUM(D16:I16) -> 100

Sheet Conclusiones
A1: CONCLUSIÓN REQUISITOS HABILITANTES
A2: No. | B2: PROPONENTE | D2: HABILITADO | E2: NO HABILITADO | F2: OFERTA RECHAZADA
A3: 1 | B3: ASESORIA, CONSULTORIA Y GESTIÓN DE COLOMBIA S.A.S | D3: x
A4: CONCLUSIÓN PONDERABLES
A5: No | B5: PROPONENTE | D5: TOTAL PUNTOS
A6: 1 | B6: ASESORIA, CONSULTORIA Y GESTIÓN DE COLOMBIA S.A.S | D6: 100 PUNTOS
A7: El equipo evaluador recomienda a la Directora del Fondo Especial de Vivienda del Distrito Especial de Santiago de Cali, como ordenadora del gasto, adjudicar el proceso de selección a través de la modalidad de Licitación Publica No. FEV-LP-001-2023 - Grupo B “139 mejoramientos”, al oferente ASESORÍA, CONSULTORÍA Y GESTIÓN COLOMBIA S.A.S, identificada con Nit No. 900291868-8, representada legamente por la señora RUTH MARIA ALBAN SILVA, mayor de edad, identificada con cedula de ciudadanía No. 34.531.788 de Popayán, por un valor de Mil Quinientos Un Millones Ciento Diez Mil Quinientos Sesenta y Cuatro Pesos M/Cte ($1.501.110.564) ) incluido A.I.U. (Administración, Imprevistos y Utilidad) y demás costos directos e indirectos que conlleven a la celebración y ejecución del contrato; puesto qu cumple con todos los requistos habilitantes y ademas obtuvo un total de 100 PUNTOS una vez verificados los criterios de ponderación establecidos en el pliego de condiciones.
B13: EQUIPO EVALUADOR
B15: Original firmado | D15: Original firmado
B16: =Portada!A18 -> Emma Viviana Albarracin Arcila | D16: =Portada!A19 -> Jorge Wilmer Villareal
B17: =Portada!E18 -> Rol jurídico | D17: =Portada!E19 -> Rol técnico
B19: Original firmado
B20: =Portada!A20 -> Edwin Alexander Velandia Guerrero
B21: =Portada!E20 -> Rol financiero
